 Dungeon Crawl Stone Soup version 0.32-a0-675-gdc239d62e1 (webtiles) character file.

Game seed: 12452368233626393144

114 bearlyready the Cudgeller (level 4, -1/41 HPs)
             Began as a Mountain Dwarf Fighter on Mar 11, 2024.
             Slain by a crocodile (11 damage)
             ... in a sewer.
             The game lasted 00:04:09 (2493 turns).

bearlyready the Cudgeller (Mountain Dwarf Fighter)  Turns: 2493, Time: 00:04:10

Health: -1/41      AC:  6    Str: 21    XL:     4   Next: 66%
Magic:  4/4        EV:  9    Int:  8    God:
Gold:   171        SH:  5    Dex: 15    Spells: 3/3 levels left

rFire   . . .        a - +0 flail
rCold   . . .        c - +0 buckler
rNeg    . . .        b - +0 scale mail
rPois   .            (no helmet)
rElec   .            (no cloak)
rCorr   .            (no gloves)
SInv    .            (no boots)
Will    .....        o - amulet of faith Stlth
                     e - +6 ring of dexterity
HPRegen 0.26/turn    n - ring of flight
MPRegen 0.09/turn

%: faith
@: mighty, flying
A: runic magic, artefact enchanting
a: no special abilities


You were in a sewer.
You visited 1 branch of the dungeon, and saw 3 of its levels.
You also visited: Sewer.

You collected 171 gold pieces.

Inventory:

Hand Weapons
 a - a +0 flail (weapon)
Missiles
 g - 12 poisoned darts (quivered)
 h - 12 stones
Armour
 b - a +0 scale mail (worn)
 c - a +0 buckler (worn)
Jewellery
 e - a +6 ring of dexterity (left hand)
 n - a ring of flight (right hand)
 o - an amulet of faith (around neck)
Scrolls
 d - 2 scrolls of teleportation {unknown}
 f - 3 scrolls of fear {unknown}
 i - a scroll of blinking {unknown}
 k - 4 scrolls of identify {unknown}
 m - a scroll of silence {unknown}
 p - a scroll of amnesia {unknown}
 r - a scroll of immolation {unknown}
 t - a scroll of acquirement {unknown}
 u - 3 scrolls of fog {unknown}
Potions
 j - a potion of attraction {unknown}
 l - a potion of ambrosia {unknown}
 s - a potion of curing {unknown}


   Skills:
 + Level 4.3 Fighting
 + Level 5.1 Maces & Flails
 - Level 3.2 Armour
 - Level 3.2 Shields


You had 3 spell levels left.
You didn't know any spells.
Your spell library contained the following spells:

 Spells                   Type           Power      Damage    Failure   Level
 Magic Dart               Conj           0%         1d3       56%         1
 Searing Ray              Conj           0%         2d4       71%         2
 Static Discharge         Conj/Air       0%         3-3/arc   71%         2
 Airstrike                Air            0%         2d(0-16)  100%        4
 Fulminant Prism          Conj/Alch      0%         3d5       100%        4
 Summon Lightning Spire   Summ/Air       0%         N/A       100%        4


Dungeon Overview and Level Annotations

Branches:
Dungeon (3/15)              Sewer (1/1)

Altars:


Innate Abilities, Weirdness & Mutations

Your spellcasting is much less encumbered by armour.
You can use scrolls of enchantment on lesser artefacts.


Message History

u - 3 scrolls labelled GETOUSSABUC No target in view!
Found a gate leading back out of this place.
f - 3 scrolls labelled DAMPIS VETUMME (gained 1)
k - 4 scrolls labelled BEASEE KIPH (gained 1)
Found a gate leading back out of this place.
No target in view!
A crocodile comes into view.
Found a scroll labelled PUC VIGAEDESA.
A crocodile is nearby!
You feel very mighty all of a sudden.
You aren't carrying any items that you can evoke.
You hit the crocodile.
The crocodile is lightly wounded.
The crocodile barely misses you.
You barely miss the crocodile.
The crocodile is lightly wounded.
The crocodile barely misses you.
You closely miss the crocodile.
The crocodile is lightly wounded.
The crocodile bites you. The crocodile drags you backwards!
The crocodile bites you! The crocodile drags you backwards!
You hit the crocodile but do no damage.
The crocodile is lightly wounded.
The crocodile closely misses you.
You bludgeon the crocodile!!
The crocodile is almost dead.
The crocodile bites you but does no damage.
You closely miss the crocodile.
The crocodile is almost dead.
The crocodile bites you! The crocodile drags you backwards!
You hit the crocodile.
The crocodile is almost dead.
The crocodile bites you!
* * * LOW HITPOINT WARNING * * *
The crocodile drags you backwards!
You closely miss the crocodile.
The crocodile is almost dead.
The crocodile barely misses you. The crocodile bites you!
You die...

#~# #~# ##~## ##~## #####
##.~~## ##...## ##~~.#
####....~#####....~####....~
~~~~..∩.~≈≈≈≈≈~~.~~~~~~.....
###...~.#####~.~.~####..~~.
##.~.#######~~.## ##.~~#
##≈####l####≈## ##~##
#≈###.@.###≈# #)#
#≈##~?∩!.##≈# #~#
#≈###.?.###≈# #~#
##≈####.####≈## ##~##
##.~~###~###~~~## ##~~.#
~####~....##≈##.~.~.####~..~.
..~~~~.~..~≈≈≈≈≈~~∩~.≈≈≈≈)~...
.~####....~#####~~.∩~####~...~
##..~## ##..†## ##..~#


You could see a crocodile.

Vanquished Creatures
  2 adders
  A river rat (D:3)
  3 dart slugs
  5 bats
  2 endoplasms
  5 giant cockroaches
  5 goblins
  8 hobgoblins
  13 jackals
  3 quokkas (D:1)
  6 ball pythons
  6 frilled lizards
  8 kobolds
  6 rats
73 creatures vanquished.

Notes
Turn   | Place    | Note
-------+----------+-------------------------------------------
     0 | D:1      | bearlyready the Mountain Dwarf Fighter began the quest for
                  | the Orb.
     0 | D:1      | Reached XP level 1. HP: 19/19 MP: 1/1
   144 | D:1      | Reached skill level 3 in Maces & Flails
   157 | D:1      | Reached XP level 2. HP: 9/26 MP: 2/2
   474 | D:1      | Reached skill level 4 in Maces & Flails
   670 | D:1      | Reached XP level 3. HP: 31/31 MP: 3/3
  1121 | D:1      | Found a faded altar of an unknown god.
  1692 | D:2      | Reached XP level 4. HP: 30/40 MP: 4/4
  2354 | D:3      | Found a glowing drain.
  2381 | Sewer    | Entered a sewer
  2389 | Sewer    | Reached skill level 5 in Maces & Flails
  2483 | Sewer    | Noticed a crocodile
  2493 | Sewer    | Slain by a crocodile

Illustrated notes

Levels and vault maps discovered:
D:1:      dpeg_arrival_subterranean_lakeside_camping, layout_basic,
          chequers_ecumenical_altar_grove, grunt_decor_mini_mirrors
D:2:      layout_basic, palyth_stone_intersect, minmay_tripent
D:3:      layout_basic, gammafunk_temple_overflow_claw, portal_sewer_entry_b,
          uniq_crazy_yiuf_cottage
Sewer:    sewer_co_15_rooms

Skill      XL: |  1  2  3  4 |
---------------+-------------+-----
Maces & Flails | 3 4 5 |  5.1
Fighting       | 4 |  4.3
Armour         | |  3.2
Shields        | |  3.2

Action                     |  1- 3 |  4- 6 || total
---------------------------+-------+-------++-------
  Melee: Flail             |   201 |    67 ||   268
    Use: Potion            |     1 |     1 ||     2
 Armour: Scale mail        |   186 |    59 ||   245
  Dodge: Dodged            |   105 |    41 ||   146
  Block: Buckler           |    39 |    20 ||    59

Table legend: (Time is in decaauts)
 A = Elapsed time spent in this place.
 B = Non-inter-level travel time spent in this place.
 C = Inter-level travel time spent in this place.
 D = Time resting spent in this place.
 E = Time spent auto-exploring this place.
 F = Levels seen in this place.
 G = Mean time per level.
                   A        B        C        D        E       F      G
               +--------+--------+--------+--------+--------+-----+--------+
         Total |   2554 |   2499 |     55 |      0 |   1953 |   4 |  638.5 |
       Dungeon |   2438 |   2383 |     55 |      0 |   1886 |   3 |  812.7 |
         Sewer |    115 |    115 |      0 |      0 |     67 |   1 |  115.0 |
               +--------+--------+--------+--------+--------+-----+--------+

Top non-repeatable levels by time:
     D:1: 1371 daAuts
     D:2: 849 daAuts
     D:3: 218 daAuts
   Sewer: 115 daAuts
